 Dungeon Crawl Stone Soup version 0.13-a0-1710-g777f831 (webtiles) character file.

81617 Diracelecht the Bludgeoner (level 15, -1/111 HPs)
             Began as a Demonspawn Abyssal Knight on June 21, 2013.
             Was the Champion of Lugonu.
             Hit by a large rock thrown by a stone giant (6 damage)
             ... on Level 15 of the Dungeon.
             The game lasted 03:35:17 (41584 turns).

Diracelecht the Bludgeoner (DsAK)                  Turns: 41584, Time: 03:35:17

HP  -1/111       AC 20     Str 13      XL: 15   Next: 16%
MP   0/29        EV 23     Int 17      God: Lugonu [******]
Gold 3194        SH  0     Dex 18      Spells:  1 memorised, 12 levels left

Res.Fire  : . . .   See Invis. : .   f - +5 great mace "Moaresal" {distort, rElec r Res.Cold : + . . Warding : . v - +0 steam dragon armour Life Prot.: . . . Conserve : + (no shield)
Res.Poison: .       Res.Corr.  : .   C - +2 elf wizard hat {Int+3}
Res.Elec. : +       Clarity    : .   T - +0 dwarf cloak
Sust.Abil.: . .     Spirit.Shd : +   (gloves unavailable)
Res.Mut.  : .       Stasis     : .   D - +0 pair of dwarf boots
Res.Rott. : .       Flight     : .   w - amulet of conservation
Saprovore : . . .                    H - ring of sustenance
                                     u - +3 ring of evasion

@: very resistant to hostile enchantments, unstealthy
A: claws 3, breathe flames 1, magic shield, magic regeneration, AC +8
a: Depart the Abyss, Bend Space, Banish, Corrupt, Enter the Abyss, Renounce
Religion, Breathe Fire


You were on level 15 of the Dungeon.
You worshipped Lugonu.
Lugonu was exalted by your worship.
You were hungry.

You visited 6 branches of the dungeon, and saw 30 of its levels.
You visited the Abyss 1 time.
You visited 1 bazaar.
You also visited: Trove.

You collected 3342 gold pieces.
You spent 168 gold pieces at shops.

Inventory:

Hand weapons
 d - a +1,+4 dire flail of draining
 f - the +5,+5 great mace "Moaresal" (weapon) {distort, rElec rC+ MR++ Curse}
   (You found it in a treasure trove)

   It warps and distorts space around it.
   Unwielding it can cause banishment or high damage.
   It protects you from cold.
   It insulates you from electricity.
   It affects your resistance to hostile enchantments.
   It may recurse itself.
 y - a +1 blowgun
Missiles
 a - 3 poisoned javelins
 b - 21 silver darts (quivered)
 j - 4 curare-tipped needles
 A - 20 poisoned needles
Armour
 v - a +0 steam dragon armour (worn)
 C - a +2 elven wizard hat of intelligence (worn)
 D - a +0 pair of dwarven boots (worn)
 O - a +0 pair of gauntlets
 T - a +0 dwarven cloak (worn)
Magical devices
 i - a wand of fireball (4)
 p - a wand of heal wounds (0) {unknown}
 z - a wand of random effects (7)
 B - a wand of frost (11)
 K - a wand of paralysis (15) {unknown}
 Q - a wand of digging (9)
 W - a wand of draining (5)
Comestibles
 c - 5 bread rations
 x - a chunk of hound flesh
 E - 6 beef jerkies
 N - a pear
 Y - a meat ration
Scrolls
 e - 5 scrolls of identify
 g - a scroll of remove curse {remove curse}
 h - 5 scrolls of teleportation
 s - 3 scrolls of fear
 I - a scroll of summoning
 L - 2 scrolls of magic mapping
 R - 2 scrolls of enchant weapon II
 S - a scroll of amnesia
 X - a scroll of immolation {unknown}
Jewellery
 k - an uncursed ring of protection from fire
 m - a cursed ring of protection from cold
 n - an uncursed ring of protection from cold
 u - a +3 ring of evasion (left claw)
 w - an amulet of conservation (around neck)
 F - an uncursed ring of protection from magic
 H - a ring of sustenance (right claw)
 U - an uncursed amulet of clarity
 V - an uncursed ring of life protection
Potions
 l - 3 potions of heal wounds
 o - a potion of invisibility
 q - 3 potions of speed
 r - a potion of magic
 t - 7 potions of curing
 G - 2 potions of agility
 J - 2 potions of flight
 P - 2 potions of brilliance {unknown}


   Skills:
 - Level 10.0 Fighting
 + Level 18.5 Maces & Flails
 - Level 10.2 Armour
 - Level 10.3 Dodging
 - Level 3.3 Traps
 + Level 5.1 Charms
 - Level 12.0 Invocations


You had 12 spell levels left.
You knew the following spells:

 Your Spells              Type           Power        Failure   Level  Hunger
a - Repel Missiles        Chrm/Air       #.........   14%         2    ###....


Dungeon Overview and Level Annotations

Branches:
Dungeon (15/27)            Temple (1/1) D:7             Orc (4/4) D:8
    Elf (1/3) Orc:3          Lair (8/8) D:12         Shoals (0/5) Lair:6
  Snake (1/5) Lair:3
  Slime: Lair:6-8    Vaults: D:15-20

Altars:
Ashenzari
Cheibriados
Elyvilon
Fedhas
Kikubaaqudgha
Makhleb
Nemelex Xobeh
Okawaru
Sif Muna
Trog
Vehumet
Xom
Yredelemnul
Zin
the Shining One

Shops:
D:6: % D:13: ( D:14: % Orc:4: %((*

Annotations
Orc:3 exclusion: silver statue
Lair:6 exclusion: 3 oklob plants
Abyss:1 Josephine


Innate Abilities, Weirdness & Mutations

You have claws for hands.
You are completely covered in iridescent scales (AC +8).
When hurt, damage is shared between your health and your magic reserves.
You regenerate magic rapidly.
You can breathe flames.


Message History

The stone giant closely misses you.
The trapdoor spider completely misses you.
You bludgeon the stone giant!!
Space bends around the stone giant.
The stone giant is moderately wounded.
The stone giant hits you! The trapdoor spider closely misses you.
There is a stone staircase leading up here.
You see here a large rock.
You sock the trapdoor spider!
The trapdoor spider is devoured by a tear in reality.
Lugonu claims a new guest.
The stone giant throws a large rock.
The large rock hits you!
The stone giant throws a large rock.
The large rock hits you!
* * * LOW HITPOINT WARNING * * *
The stone giant throws a large rock.
The large rock hits you!
* * * LOW HITPOINT WARNING * * *
The stone giant throws a large rock.
The large rock hits you!
* * * LOW HITPOINT WARNING * * *
The stone giant throws a large rock.
The large rock misses you.
The stone giant throws a large rock.
The large rock hits you!
You die...

.# ++..+' ++ ##G##.<# .#
++#[($'++####..#...#
.#####
++'!)''+..##...###X#
.....#
++''C'(+.##........#
.###.# +
+''(+#..######## .# #.#
++++#+C%(..####
.###.##++.+..'.C§C#....#
...............#C#C.##..
####.###.#...#.§@..#..#
.....# ###..#...##.# #.#
###### #...... #.. #
.###..# ### #########
####..##########.......#
#................#####.#
#.###.##..##.##..# #.#
#####.##..........#..###
#.#
#.........##..##.......#
#.##


You could see 4 stone giants.

Vanquished Creatures
  A dragon (Lair:8)
  3 hydras
  A ravenous feature mimic (Bazaar)
  7 death yaks
  A catoblepas (Lair:4)
  2 centaur warriors
  A stone giant skeleton (Orc:3)
  5 slime creatures
  An unseen horror (D:13)
  A large abomination (Lair:6)
  3 orc knights (Orc:4)
  3 lindwurms (Lair:8)
  A hill giant (D:14)
  2 orc sorcerers
  4 griffons
  Maurice (Orc:1)
  6 black mambas
  4 cyclopes
  An elephant slug (Lair:8)
  A griffon zombie (D:7)
  An ettin zombie (Orc:3)
  14 spiny frogs
  10 elephants
  A hellwing (Orc:4)
  2 hill giant zombies
  14 ugly things
  5 komodo dragons
  A snapping turtle (Lair:6)
  3 two-headed ogres
  7 polar bears (Lair:8)
  3 giant leeches (Lair:8)
  5 trolls
  11 grizzly bears (Lair:8)
  29 blink frogs
  6 basilisks
  6 giant fireflies (Lair:8)
  2 wyverns
  27 yaks
  A wraith (D:14)
  A shadow (D:15)
  6 fire drakes
  16 hippogriffs
  A steam dragon (D:9)
  Eustachio (D:8)
  2 sharks (Lair:6)
  A hungry ghost (D:7)
  A trapdoor spider (D:10)
  A deep elf fighter (Orc:3)
  7 manticores
  Edmund (D:7)
  5 rock worms (Lair:8)
  7 orc warriors
  2 ice beasts
  5 sky beasts
  7 ogres
  5 giant goldfish (Orc:3)
  3 troll zombies (D:8)
  4 black bears (Lair:8)
  6 phantoms
  A boring beetle (Lair:8)
  2 yellow wasps
  A yak skeleton (D:9)
  14 centaurs
  A warg (Orc:1)
  A hippogriff skeleton (D:10)
  Duvessa (D:6)
  9 giant slugs
  A wolf (Lair:4)
  15 crocodiles
  9 water moccasins
  3 brain worms (Lair:8)
  22 giant frogs
  A deep elf mage (Orc:3)
  A centaur zombie (D:7)
  8 agate snails
  Blork the orc (D:7)
  A centaur skeleton (D:12)
  An eye of draining (D:15)
  A two-headed ogre skeleton (D:14)
  16 jellyfish
  4 wights (D:12)
  17 killer bees
  5 ogre zombies (D:8)
  7 electric eels (D:9)
  A goliath beetle (D:9)
  10 crimson imps
  Dowan (D:6)
  2 big fish (Lair:6)
  12 iguanas
  A hound zombie (D:8)
  11 orc priests
  An iron imp (D:8)
  5 hounds
  17 orc wizards
  10 porcupines
  9 deep elf soldiers
  12 worker ants
  20 sheep
  3 scorpions
  Ijyb (D:6)
  A jelly (D:10)
  A goliath beetle zombie (D:10)
  A mummy (D:10)
  26 adders
  8 gnolls
  An adder zombie (D:10)
  2 giant centipedes
  A scorpion zombie (D:6)
  A shadow imp (D:7)
  79 green rats
  2 giant mites
  An iguana skeleton (D:7)
  An inept item mimic (D:5)
  22 worms
  2 giant eyeballs
  11 giant geckos
  A gnoll skeleton (D:7)
  2 oozes
  116 orcs
  A ball python (D:2)
  18 goblins
  25 hobgoblins
  16 kobolds
  12 quokkas
  33 bats
  7 giant cockroaches
  6 giant newts
  2 giant spores
  A goblin skeleton (D:4)
  5 goblin zombies
  A hobgoblin skeleton (D:8)
  2 hobgoblin zombies (D:8)
  12 jackals
  An orc simulacrum (Orc:3)
  An orc skeleton (Orc:3)
  22 orc zombies
  A quokka skeleton (D:9)
  2 quokka zombies
  27 rats
  2 rat skeletons
  8 ballistomycetes
  4 fungi
  7 plants
1033 creatures vanquished.

Vanquished Creatures (others)
  A tentacled monstrosity (D:15)
  A shadow dragon (D:15)
  4 tentacled starspawn
  3 stone giants (D:15)
  A slime creature (D:13)
  2 death yaks (Lair:6)
  2 hydras
  3 orc high priests (Orc:4)
  A hell hog (D:15)
  A soul eater (Orc:4)
  4 large abominations
  2 spatial maelstroms
  An orc knight (Orc:4)
  A hill giant (D:13)
  6 spiny worms (Lair:8)
  A phantasmal warrior (D:15)
  The ghost of Diracelecht the Schismatic, an experienced DsAK of Lugonu (D:5)
  3 orc sorcerers (Orc:4)
  The ghost of stonewall the Cutter, an experienced OpAK of Lugonu (D:7)
  The ghost of kuzmorgo the Thaumaturge, an experienced SpWz of Sif Muna (Orc:1)
  A hellwing (Orc:4)
  A hill giant zombie (D:14)
  7 orc zombies (Orc:4)
  A hill giant skeleton (D:15)
  5 orange demons
  An ugly thing (D:15)
  3 smoke demons
  A two-headed ogre (D:12)
  A basilisk (Lair:6)
  2 ynoxinuls (Orc:4)
  A golden eye (Orc:4)
  A hippogriff (D:12)
  5 yaks (Lair:6)
  2 trapdoor spiders (D:15)
  4 hungry ghosts
  A merfolk (Lair:6)
  A merfolk (shapeshifter) (D:15)
  2 neqoxecs (D:15)
  6 orc warriors (Orc:4)
  A cyclops skeleton (D:15)
  7 small abominations
  A black bear (Lair:8)
  A deep elf mage (Orc:3)
  A crocodile (Lair:8)
  A warg (Orc:3)
  A water moccasin (Lair:4)
  A jellyfish (Lair:6)
  A killer bee (D:14)
  A crimson imp (D:15)
  5 starcursed masses
  4 orc priests (Orc:4)
  An iron imp (Orc:4)
  4 orc wizards (Orc:4)
  A deep elf soldier (Orc:3)
  A sky beast simulacrum (D:15)
  2 white imps
  10 ufetubi
  4 orcs
  2 bats
  A quokka (Lair:1)
  2 giant spores
  2 goblins
  2 kobolds
  15 fungi
  8 plants
  11 starspawn tentacles
  93 starspawn tentacle segments (Orc:4)
270 creatures vanquished.

Grand Total: 1303 creatures vanquished

Notes
Turn   | Place    | Note
--------------------------------------------------------------
     0 | Abyss:1  | Diracelecht, the Demonspawn Abyssal Knight, began the quest for the Orb.
     0 | Abyss:1  | Reached XP level 1. HP: 16/16 MP: 1/1
    30 | Abyss:1  | Noticed a large abomination
    30 | D:1      | Escaped the Abyss
   270 | D:1      | Gained mutation: When hurt, damage is shared between your health and your magic reserves. [demonic ancestry]
   270 | D:1      | Reached XP level 2. HP: 12/22 MP: 2/2
   453 | D:1      | Acquired Lugonu's first power
  1018 | D:2      | Found a shimmering altar of Xom.
  1102 | D:2      | Reached XP level 3. HP: 28/28 MP: 4/4
  1235 | D:2      | Acquired Lugonu's second power
  1604 | D:2      | Gained mutation: You are partially covered in iridescent scales (AC +4). [demonic ancestry]
  1604 | D:2      | Reached XP level 4. HP: 31/34 MP: 6/6
  1690 | D:3      | Reached skill level 4 in Invocations
  1856 | D:3      | Found a glowing silver altar of Zin.
  2026 | D:2      | Reached XP level 5. HP: 22/39 MP: 8/8
  2563 | D:3      | Acquired Lugonu's third power
  2757 | D:4      | Reached skill level 5 in Invocations
  2922 | D:4      | Found a basalt altar of Yredelemnul.
  2935 | D:4      | Paralysed by a giant eyeball for 3 turns
  3142 | D:4      | Gained mutation: You are mostly covered in iridescent scales (AC +6). [demonic ancestry]
  3142 | D:4      | Reached XP level 6. HP: 20/46 MP: 6/11
  3349 | D:4      | Acquired Lugonu's fourth power
  3377 | D:4      | Reached skill level 6 in Invocations
  3558 | D:4      | Noticed a phantom
  3589 | D:4      | Killed a phantom
  3733 | D:4      | Reached skill level 5 in Maces & Flails
  3930 | D:5      | Entered Level 5 of the Dungeon
  4287 | D:5      | Reached skill level 7 in Invocations
  4287 | D:5      | Gained mutation: You have sharp fingernails. [demonic ancestry]
  4287 | D:5      | Reached XP level 7. HP: 47/51 MP: 12/15
  4318 | D:5      | Noticed Diracelecht's ghost (experienced DsAK)
  4374 | D:5      | Banished Diracelecht's ghost
  4594 | D:5      | Reached skill level 8 in Invocations
  5132 | D:6      | Noticed Dowan
  5133 | D:6      | Noticed Duvessa
  5472 | D:6      | Gained mutation: You regenerate magic rapidly. [demonic ancestry]
  5472 | D:6      | Reached XP level 8. HP: 38/58 MP: 11/18
  5567 | D:6      | Killed Dowan
  5605 | D:6      | Reached skill level 9 in Invocations
  5622 | D:6      | Noticed Ijyb
  5632 | D:6      | Killed Ijyb
  5940 | D:6      | Found Tyoducho's Food Shop.
  6505 | D:6      | Killed Duvessa
  6753 | D:7      | Identified a +0 rod of the swarm (10/10) (You found it on level 7 of the Dungeon)
  6809 | D:7      | Noticed Edmund
  6854 | D:7      | Killed Edmund
  6858 | D:7      | Reached skill level 10 in Invocations
  6955 | D:7      | Noticed stonewall's ghost (experienced OpAK)
  6960 | D:7      | Banished stonewall's ghost
  6960 | D:7      | Reached XP level 9. HP: 48/63 MP: 19/21
  7199 | D:7      | Noticed a griffon zombie
  7225 | D:7      | Killed a griffon zombie
  7454 | D:7      | Found a staircase to the Ecumenical Temple.
  7620 | D:7      | Acquired Lugonu's fifth power
  7620 | D:7      | Reached skill level 11 in Invocations
  8016 | Temple   | Entered the Ecumenical Temple
  8149 | D:8      | Found a staircase to the Orcish Mines.
  8291 | D:8      | Noticed Blork the orc
  8413 | D:8      | Noticed Eustachio
  8441 | D:7      | Killed Blork the orc
  8691 | D:8      | Killed Eustachio
  8883 | D:8      | Reached skill level 12 in Invocations
  9097 | D:8      | Gained mutation: You are completely covered in iridescent scales (AC +8). [demonic ancestry]
  9097 | D:8      | Reached XP level 10. HP: 65/69 MP: 24/24
  9536 | D:8      | Reached skill level 10 in Maces & Flails
 11392 | D:9      | Noticed a griffon
 11419 | D:9      | Found a white marble altar of Elyvilon.
 11555 | D:9      | Killed a griffon
 11924 | D:10     | Entered Level 10 of the Dungeon
 12393 | D:9      | Reached XP level 11. HP: 75/75 MP: 25/25
 12706 | D:10     | Reached skill level 13 in Maces & Flails
 12892 | D:9      | Gained mutation: You can breathe flames. [potion of beneficial mutation]
 14121 | D:10     | Noticed a hill giant
 14128 | D:10     | Banished a hill giant
 14331 | D:10     | Found a burning altar of Makhleb.
 14541 | D:10     | HP: 1/75 [white ugly thing (15)]
 14571 | D:10     | Reached skill level 14 in Maces & Flails
 14831 | D:11     | Got a twisted robe
 15177 | D:11     | Identified a scroll of acquirement
 15664 | D:11     | Found a portal to a secret trove of treasure.
 16227 | D:12     | Found a staircase to the Lair.
 16430 | D:12     | Found a flickering gateway to a bazaar.
 16440 | Bazaar   | Entered a bazaar
 16440 | Bazaar   | Found Heasuac's Antique Weapon Shop.
 16440 | Bazaar   | Found Caed's Antique Armour Shop.
 16459 | Bazaar   | Bought a pair of elven boots for 32 gold pieces
 16459 | Bazaar   | Bought an embroidered elven wizard hat for 54 gold pieces
 16489 | Bazaar   | Found Ysagais' General Store.
 16496 | Bazaar   | Ysagais' General Store was a mimic.
 16507 | Bazaar   | Killed a ravenous shop mimic
 16507 | Bazaar   | Reached skill level 15 in Maces & Flails
 16539 | Bazaar   | Bought a pair of boots for 27 gold pieces
 16539 | Bazaar   | Bought a pair of boots for 27 gold pieces
 16722 | Lair:1   | Entered Level 1 of the Lair of Beasts
 17290 | D:13     | Found Stytiyvi's Antique Weapon Shop.
 17910 | D:13     | Noticed a hill giant
 17915 | D:13     | Banished a hill giant
 18606 | D:12     | Reached skill level 16 in Maces & Flails
 18623 | D:12     | Reached skill level 5 in Fighting
 18623 | D:12     | Gained mutation: You have very sharp fingernails. [demonic ancestry]
 18623 | D:12     | Reached XP level 12. HP: 45/84 MP: 21/27
 19805 | Lair:1   | Reached skill level 1 in Traps
 22594 | Lair:3   | Found a staircase to the Snake Pit.
 23202 | Lair:1   | Learned a level 2 spell: Repel Missiles
 23264 | Snake:1  | Entered Level 1 of the Snake Pit
 23460 | Lair:4   | Reached skill level 17 in Maces & Flails
 23586 | Lair:4   | Got a turquoise-encrusted chain mail
 23587 | Lair:4   | Identified the cursed -4 chain mail of the Eagle {+Blink Acc+2 SInv} (You found it on level 4 of the Lair of Beasts)
 23620 | Lair:4   | Noticed a seven-headed hydra
 23661 | Lair:4   | Killed a seven-headed hydra
 24939 | Lair:5   | Noticed a seven-headed hydra
 24945 | Lair:5   | Banished a seven-headed hydra
 25065 | Lair:5   | Reached XP level 13. HP: 78/97 MP: 28/28
 26358 | Lair:5   | Reached skill level 10 in Fighting
 26393 | Lair:5   | Reached skill level 1 in Dodging
 26642 | Lair:6   | Noticed a five-headed hydra
 26651 | Lair:6   | Killed a five-headed hydra
 27977 | Lair:6   | Found a staircase to the Shoals.
 28279 | Lair:6   | Corrupted Lair:6
 28279 | Lair:6   | Noticed a starcursed mass
 28281 | Lair:6   | Noticed a starcursed mass
 28282 | Lair:6   | Noticed a starcursed mass
 28288 | Lair:6   | Killed a starcursed mass
 28303 | Lair:6   | Killed a starcursed mass
 28350 | Lair:6   | Killed a starcursed mass
 29293 | Lair:6   | Reached skill level 5 in Armour
 29293 | Lair:6   | Reached skill level 5 in Dodging
 30200 | Lair:7   | Reached skill level 18 in Maces & Flails
 30522 | Lair:7   | Got a blackened morningstar
 30561 | Lair:7   | Identified the cursed morningstar of the Vulture {flame, +Inv rN+ MR++} (You found it on level 7 of the Lair of Beasts)
 30952 | Lair:8   | Entered Level 8 of the Lair of Beasts
 31617 | Lair:8   | Reached XP level 14. HP: 49/105 MP: 15/29
 32031 | Lair:8   | Got a shimmering trident
 32032 | Lair:8   | Identified the trident of Mimpy {venom, rElec rF++ rN+} (You found it on level 8 of the Lair of Beasts)
 32253 | Lair:8   | Identified a cursed +1 rod of striking (6/6) (You found it on level 8 of the Lair of Beasts)
 32955 | Lair:8   | Noticed a five-headed hydra
 32965 | Lair:8   | Killed a five-headed hydra
 34616 | Lair:8   | Noticed a dragon
 34663 | Lair:8   | Killed a dragon
 35084 | Lair:4   | Noticed a catoblepas
 35305 | Lair:4   | Killed a catoblepas
 35581 | Trove    | Entered a treasure trove
 35598 | Trove    | Got a dazzling great mace
 35607 | Trove    | Got a jewelled dire flail
 35610 | Trove    | Got a twisted morningstar
 35734 | Lair:1   | Identified the dire flail of a Thousand Souls {crush, Str+1 Dex-2} (You found it in a treasure trove)
 35735 | Lair:1   | Identified the cursed morningstar of Qyacuaq {crush, Str+1 Int+1} (You found it in a treasure trove)
 35737 | Lair:1   | Identified the cursed great mace "Moaresal" {distort, rElec rC+ MR++ Curse} (You found it in a treasure trove)
 35838 | Orc:1    | Entered Level 1 of the Orcish Mines
 35838 | Orc:1    | Noticed kuzmorgo's ghost (experienced SpWz)
 35844 | Orc:1    | Banished kuzmorgo's ghost
 35854 | Orc:1    | Reached skill level 10 in Dodging
 36457 | Orc:1    | Found a deep blue altar of Sif Muna.
 36467 | Orc:1    | Noticed Maurice
 36521 | Orc:1    | Killed Maurice
 36521 | Orc:1    | Reached skill level 10 in Armour
 36992 | Orc:3    | Noticed Josephine
 37561 | Orc:3    | Banished Josephine
 37659 | Orc:2    | Reached skill level 1 in Charms
 37861 | Orc:4    | Entered Level 4 of the Orcish Mines
 38113 | Orc:3    | Found a staircase to the Elven Halls.
 38300 | Elf:1    | Entered Level 1 of the Elven Halls
 38799 | Orc:4    | Corrupted Orc:4
 38799 | Orc:4    | Noticed a tentacled starspawn
 38800 | Orc:4    | Noticed a tentacled starspawn
 38815 | Orc:4    | Killed a tentacled starspawn
 38816 | Orc:4    | Noticed a tentacled starspawn
 38820 | Orc:4    | Killed a tentacled starspawn
 38823 | Orc:4    | Killed a tentacled starspawn
 38853 | Orc:4    | Noticed a bone dragon
 38853 | Orc:4    | Noticed a lich
 38860 | Orc:4    | Found Phaohasch's Food Boutique.
 38998 | Orc:4    | Found Upnalali's General Store.
 39001 | Orc:4    | Found Loqines' Antique Weapon Emporium.
 39003 | Orc:4    | Found Nedixad's Antique Weapon Emporium.
 39025 | Orc:4    | Bought a scroll of identify for 28 gold pieces
 39531 | D:14     | Entered Level 14 of the Dungeon
 39577 | D:13     | Killed an unseen horror
 39577 | D:13     | Gained mutation: You have claws for hands. [demonic ancestry]
 39577 | D:13     | Reached XP level 15. HP: 103/111 MP: 29/29
 39588 | D:13     | Noticed a centaur warrior
 39597 | D:13     | Killed a centaur warrior
 40015 | D:14     | Found Ynnoamn's Food Boutique.
 40564 | D:15     | Entered Level 15 of the Dungeon
 41273 | D:15     | Reached skill level 5 in Charms
 41412 | D:15     | Noticed a stone giant
 41412 | D:15     | Noticed a stone giant
 41412 | D:15     | Noticed a stone giant
 41412 | D:15     | Noticed a stone giant
 41412 | D:15     | Noticed a stone giant
 41412 | D:15     | Noticed a stone giant
 41412 | D:15     | Noticed a stone giant
 41412 | D:15     | Noticed a shadow dragon
 41413 | D:15     | Noticed a tentacled monstrosity
 41413 | D:15     | Noticed a stone giant
 41417 | D:15     | Corrupted D:15
 41417 | D:15     | Noticed a tentacled starspawn
 41417 | D:15     | Noticed a tentacled starspawn
 41423 | D:15     | Killed a shadow dragon
 41426 | D:15     | Killed a tentacled starspawn
 41429 | D:15     | Killed a stone giant
 41429 | D:15     | Killed a stone giant
 41430 | D:15     | Killed a tentacled monstrosity
 41433 | D:15     | Killed a stone giant
 41584 | D:15     | HP: 5/111 [stone giant/ large rock (9)]
 41584 | D:15     | Hit by a large rock thrown by a stone giant

Action                   |  1- 3 |  4- 6 |  7- 9 | 10-12 | 13-15 || total
-------------------------+-------+-------+-------+-------+-------++-------
Melee: Mace              |   123 |   263 |   244 |       |       ||   630
       Flail             |       |       |   263 |  1783 |  1662 ||  3708
       Great mace        |       |       |       |    24 |   540 ||   564
 Fire: Blowgun           |       |       |       |    60 |       ||    60
Throw: Dart              |       |    20 |     3 |       |    11 ||    34
       Stone             |       |    45 |    59 |   124 |    13 ||   241
       Javelin           |       |       |       |    17 |    17 ||    34
Invok: Depart the Abyss  |     1 |       |       |       |       ||     1
       Banish            |       |       |     2 |    17 |    15 ||    34
       Corrupt           |       |       |       |       |     3 ||     3
 Abil: Breathe Fire      |       |       |       |     1 |       ||     1
Evoke: Wand              |       |     3 |     7 |    19 |    12 ||    41
  Use: Scroll            |       |     4 |    15 |    18 |    13 ||    50
       Potion            |       |       |       |     6 |     2 ||     8
 Stab: Sleeping          |       |       |       |     9 |       ||     9
       Distracted        |       |       |       |     1 |       ||     1
